 Dungeon Crawl Stone Soup version 0.21-a0-228-g14ccbf3 (webtiles) character file.

49231 4thArraOfDagon the Fencer (level 14, -11/101 HPs)
             Began as a Mummy Warper on Aug 31, 2017.
             Was a High Priest of Ashenzari.
             Killed from afar by an ogre mage (68 damage)
             ... with a crystal spear
             ... on level 2 of the Orcish Mines.
             The game lasted 00:58:12 (16803 turns).

4thArraOfDagon the Fencer (Mummy Warper)           Turns: 16803, Time: 00:58:13

Health: -11/101    AC: 13    Str: 19    XL:     14   Next: 15%
Magic:  18/18      EV: 17    Int: 16    God:    Ashenzari [*****.]
Gold:   876        SH:  4    Dex: 11    Spells: 2/18 levels left

rFire    x . .     SeeInvis +   N - +4 great sword of Fighting Over It {elec, Str+3} (curse)
rCold    + . .     Gourm    .   (shield currently unavailable)
rNeg     + + +     Faith    .   V - +1 ring mail "Ufrots" {MR++ Regen+}
rPois    ∞         Spirit   .   W - +1 hat {MR+}
rElec    .         Reflect  +   r - +0 cloak
rCorr    .         Harm     .   F - +0 pair of gloves (curse)
MR       ++++.     Clarity  +   q - +0 pair of boots
Stlth    +.........             j - +4 amulet of reflection
HPRegen  0.66/turn              T - +3 ring of slaying
MPRegen  0.16/turn              S - +4 ring of evasion

@: no status effects
A: no food or potions, fire vulnerability, cold resistance 1, negative energy
resistance 3, torment resistance, unbreathing, in touch with death 1
a: Curse Item, Scrying, Transfer Knowledge, Renounce Religion


You were on level 2 of the Orcish Mines.
You worshipped Ashenzari.
Ashenzari was extremely pleased with you.
You were not hungry.

You visited 2 branches of the dungeon, and saw 17 of its levels.
You also visited: Labyrinth and Bailey.

You collected 1431 gold pieces.
You spent 555 gold pieces at shops.

Inventory:

Hand Weapons
 a - a +0 scimitar of flaming
 C - a +0 blowgun
 N - the cursed +4 great sword of Fighting Over It (weapon) {elec, Str+3}
   (You found it in a labyrinth)

   Occasionally, upon striking a foe, it will discharge some electrical energy
   and cause terrible harm.
   It affects your strength (+3).
   It has a curse placed upon it.
Missiles
 e - 4 tomahawks of dispersal (quivered)
 l - 6 curare-tipped needles
 m - 8 needles of confusion
 o - 2 javelins
 s - 7 tomahawks
Armour
 k - a +2 ring mail of cold resistance
 q - a +0 pair of boots (worn)
 r - a +0 cloak (worn)
 z - the +2 helmet "Foseosm" {rElec Int+4 Dex-5}
   (You bought it in a shop on level 12 of the Dungeon)

   It affects your intelligence (+4).
   It affects your dexterity (-5).
   It insulates you from electricity.
 D - a +3 troll leather armour
 F - a cursed +0 pair of gloves (worn)
 G - the +2 leather armour "Xugaemad" {rF+ rCorr Int-5}
   (You found it on level 8 of the Dungeon)

   It affects your intelligence (-5).
   It protects you from fire.
   It protects you from acid and corrosion.
 O - the +7 chain mail "Bacuaq" {rN+ Stlth+}
   (You found it in a labyrinth)

   It protects you from negative energy.
   It makes you more stealthy.
 V - the +1 ring mail "Ufrots" (worn) {MR++ Regen+}
   (You bought it in a shop on level 12 of the Dungeon)

   It affects your resistance to hostile enchantments.
   It increases your rate of regeneration.
 W - a +1 hat of magic resistance (worn)
Magical Staves
 b - an uncursed staff of wizardry {!a}
Jewellery
 j - a +4 amulet of reflection (around neck)
 n - the amulet "Xushric" {Inacc Int+8}
   (You found it on level 8 of the Dungeon)

   [amulet of inaccuracy]

   It reduces the accuracy of all your attacks.
   It affects your intelligence (+8).
 p - an uncursed ring of see invisible
 B - an uncursed ring of resist corrosion
 E - an uncursed amulet of guardian spirit
 S - a +4 ring of evasion (right hand)
 T - a +3 ring of slaying (left hand)
 Y - an uncursed ring of fire
Wands
 i - a wand of scattershot (4/9)
 v - a wand of scattershot (0/9)
 x - a wand of flame (1/48)
 J - a wand of lightning (1/15)
 K - a wand of digging (1/24)
 P - a wand of digging (4/24)
 Q - a wand of lightning (6/15)
 R - a wand of scattershot (7/9)
 U - a wand of paralysis (0/24)
 X - a wand of flame (18/48)
Scrolls
 d - 2 scrolls of blinking
 g - a scroll of fear
 h - 8 scrolls of teleportation
 t - 3 scrolls of noise
 u - 6 scrolls of remove curse
 y - 4 scrolls of magic mapping
 A - a scroll of amnesia {unknown}
 I - a scroll of enchant weapon
 L - a scroll of fog {unknown}
 M - a scroll of silence
 Z - a scroll of recharging
Books
 c - a book of Spatial Translocations

   Spells                             Type                      Level
   a - Blink                          Translocation                2
   b - Shroud of Golubria             Charms/Translocation         2
   c - Lesser Beckoning               Translocation                3
   d - Gell's Gravitas                Translocation                3
   e - Teleport Other                 Translocation                3
   f - Passage of Golubria            Translocation                4
 f - Sif Muna's Volume of the Oath
   (You found it on level 8 of the Dungeon)

   Spells                             Type                      Level
   a - Corona                         Hexes                        1
   b - Tukima's Dance                 Hexes                        3
   c - Cause Fear                     Hexes                        4
   d - Summon Mana Viper              Hexes/Summoning              5
   e - Metabolic Englaciation         Hexes/Ice                    5
Miscellaneous
 w - a phial of floods
 H - a phantom mirror


   Skills:
 + Level 6.8 Fighting
 - Level 15.7(20.2) Long Blades
 - Level 0.7 Throwing
 + Level 10.1 Armour
 + Level 6.1 Dodging
 - Level 2.6 Spellcasting
 - Level 2.4 Translocations
 - Level 3.1 Evocations


You had 2 spell levels left.
You knew the following spells:

 Your Spells              Type           Power        Failure   Level  Hunger
a - Blink                 Tloc           N/A          17%         2    N/A
b - Passage of Golubria   Tloc           N/A          73%         4    N/A
c - Lee's Rapid Deconstr  Erth           #.........   100%        5    N/A
d - Passwall              Tmut/Erth      #.........   41%         2    N/A
e - Spectral Weapon       Hex/Chrm       #.......     65%         3    N/A

Dungeon Overview and Level Annotations

Branches:
Dungeon (15/15)            Temple (0/1) D:5            Lair (0/6) D:9
    Orc (2/2) D:11            Elf (0/3) Orc:2        Depths (0/5) D:15
 Vaults: D:13-14

Altars:
Ashenzari
Makhleb
Nemelex Xobeh
Ru
Vehumet
Xom

Shops:
D:4 }%   D:5 =   D:12 [   Orc:2 }?%*

Annotations:
D:7 2 transporters
D:13 Azrael


Innate Abilities, Weirdness & Mutations

You do not eat or drink.
Your flesh is vulnerable to fire.
You are immune to poison.
Your flesh is cold resistant. (rC+)
You are immune to negative energy. (rN+++)
You are immune to unholy pain and torment.
You can survive without breathing.
You are in touch with the powers of death.


Message History

The ogre mage completely misses you.
Unknown command.
You slash the ogre mage!
Lightning courses through the ogre mage!
The ogre mage is heavily wounded.
Unknown command.
You slash the ogre mage!
Lightning courses through the ogre mage!
The ogre mage is almost dead.
The warg completely misses you.
You riposte.
You closely miss the warg.
The ogre mage points at you and mumbles some strange words.
The bolt of fire hits you! The fire burns you terribly!
Unknown command.
You closely miss the ogre mage.
The ogre mage is almost dead.
The warg completely misses you. The ogre mage casts a spell at you.
The crystal spear hits you!
Ouch! That really hurt!
You die...

###....###.###..# ..
###.#.....#.o.....#,,,
##.........#.......#
#.....#.....#......#..
#...........##....#..
##.......)...#.........
#.......h..............
##...O.hh..........#...
#....@............#...
##.##....#........#...
#. .#....#........#...
##.#..............#...
##..#.....#.#......##..
#....#.......>.....##..
*#................)###.
##....[............###
##....[.........#......


You could see an orc warlord, an ogre mage and 3 wargs.

Vanquished Creatures
  Gastronok (D:8)
  Erica (D:8)
  A centaur warrior (D:15)
  A death knight (D:15)
  19 two-headed ogres
  Urug (D:13)
  3 ogre magi (Orc:2)
  A tengu warrior (D:14)
  Sonja (D:12)
  A skeletal warrior (D:15)
  An unseen horror (D:15)
  A wizard (D:14)
  A phantasmal warrior (D:15)
  Pikel (D:4)
  3 orc sorcerers
  2 ugly things
  A deep elf mage (D:13)
  2 cyclopes
  2 manticores
  Maurice (D:10)
  Psyche (D:10)
  2 gargoyles
  2 efreet
  6 kobold demonologists
  6 trolls
  Prince Ribbit (D:6)
  A hippogriff (D:15)
  4 slime creatures (D:14)
  A centaur simulacrum (D:14)
  A vampire (D:13)
  Sigmund (D:5)
  4 wraiths
  A steam dragon (D:8)
  27 yaks
  A basilisk (D:13)
  3 hungry ghosts
  6 vampire mosquitoes
  4 wargs
  An acid dragon (D:14)
  Duvessa (D:4)
  16 orc warriors
  2 ice beasts
  An eye of draining (D:12)
  A phantom (D:7)
  3 sky beasts
  2 black bears (D:9)
  A necrophage (D:5)
  23 ogres
  20 centaurs
  A crocodile (D:12)
  A gnoll sergeant (D:6)
  10 bullfrogs
  3 wyvern zombies
  Dowan (D:4)
  4 scorpions
  3 howler monkeys
  7 killer bees
  4 crimson imps
  2 bullfrog zombies
  9 hounds
  2 quasits
  5 jellies
  18 orc priests
  28 orc wizards
  A bullfrog skeleton (D:12)
  2 centaur skeletons
  A gnoll shaman (D:8)
  6 worker ants
  6 iguanas
  2 hound zombies
  2 hound skeletons
  Robin (D:4)
  A howler monkey skeleton (D:4)
  2 worker ant zombies (D:8)
  10 gnolls
  10 adders
  3 shadow imps
  An ooze (D:5)
  An adder zombie (D:8)
  An adder skeleton (D:6)
  5 worms
  A dart slug (D:1)
  7 leopard geckos
  79 orcs
  A ball python (D:4)
  5 giant cockroaches
  23 goblins
  9 hobgoblins
  7 jackals
  2 quokkas
  8 bats
  A frilled lizard (D:5)
  2 giant cockroach zombies (D:5)
  9 kobolds
  A quokka skeleton (D:6)
  2 quokka zombies (D:5)
  7 rats
505 creatures vanquished.

Vanquished Creatures (collateral kills)
  Snorg (Orc:1)
  An orc priest (Orc:1)
  An orc (Orc:1)
3 creatures vanquished.

Vanquished Creatures (others)
  A slave (D:4)
  An orc (Orc:2)
  4 goblins (D:4)
6 creatures vanquished.

Grand Total: 514 creatures vanquished

Notes
Turn   | Place    | Note
-------+----------+-------------------------------------------
     0 | D:1      | 4thArraOfDagon the Mummy Warper began the quest for the Orb.
     0 | D:1      | Reached XP level 1. HP: 16/16 MP: 4/4
    69 | D:2      | Reached skill level 1 in Armour
    69 | D:2      | Reached XP level 2. HP: 2/22 MP: 5/5
   292 | D:2      | Found a faded altar of an unknown god.
   298 | D:2      | Became a worshipper of Ashenzari the Shackled
   298 | D:2      | Reached * piety under Ashenzari
   311 | D:2      | Reached skill level 2 in Long Blades
   452 | D:2      | Found a burning altar of Makhleb.
   526 | D:1      | Reached XP level 3. HP: 26/27 MP: 7/7
  1243 | D:1      | Reached XP level 4. HP: 33/33 MP: 8/8
  1579 | D:3      | Reached skill level 3 in Long Blades
  2083 | D:4      | Found a sparkling altar of Nemelex Xobeh.
  2095 | D:4      | Found a shimmering altar of Xom.
  2130 | D:4      | Noticed a slave
  2130 | D:4      | Noticed a slave
  2191 | D:4      | Reached ** piety under Ashenzari
  2229 | D:3      | Reached XP level 5. HP: 25/38 MP: 9/9
  2545 | D:4      | Noticed Dowan
  2546 | D:4      | Noticed Duvessa
  2677 | D:5      | Entered Level 5 of the Dungeon
  2683 | D:5      | Reached skill level 4 in Long Blades
  2823 | D:5      | Found Ipulamaqu's Jewellery Emporium.
  2883 | D:5      | Found a staircase to the Ecumenical Temple.
  2884 | D:5      | Noticed a necrophage
  2898 | D:5      | Killed a necrophage
  2898 | D:5      | Reached XP level 6. HP: 17/44 MP: 10/10
  3249 | D:5      | Noticed Sigmund
  3272 | D:5      | Killed Sigmund
  3272 | D:5      | Reached skill level 5 in Long Blades
  3272 | D:5      | Reached XP level 7. HP: 32/50 MP: 11/11
  4013 | D:6      | Reached skill level 6 in Long Blades
  4030 | D:6      | Noticed Prince Ribbit
  4045 | D:6      | Killed Prince Ribbit
  4045 | D:6      | Reached XP level 8. HP: 4/56 MP: 12/12
  4918 | D:6      | Reached skill level 7 in Long Blades
  5714 | D:7      | Reached skill level 8 in Long Blades
  5750 | D:7      | Found a transporter.
  5753 | D:7      | Noticed a kobold demonologist
  6332 | D:7      | Found a transporter.
  6382 | D:8      | Noticed Erica
  6400 | D:8      | Killed Erica
  6400 | D:8      | Reached skill level 9 in Long Blades
  6400 | D:8      | Reached XP level 9. HP: 61/61 MP: 13/13
  6454 | D:8      | Reached *** piety under Ashenzari
  6466 | D:8      | Got the uncursed leather armour "Xugaemad" {rF+ rCorr Int-5}
  6477 | D:8      | Identified the +2 leather armour "Xugaemad" {rF+ rCorr Int-5} (You found it on level 8 of the Dungeon)
  6722 | D:9      | Found a flagged portal.
  6738 | D:9      | Got the hand axe of Mastery {venom, rC- MR+ SInv}
  6740 | D:9      | Identified the +5 hand axe of Mastery {venom, rC- MR+ SInv} (You found it on level 9 of the Dungeon)
  6742 | Bailey   | Entered a bailey
  6757 | Bailey   | Noticed an orc knight
  6972 | D:9      | Found a staircase to the Lair.
  6999 | D:10     | Entered Level 10 of the Dungeon
  7139 | D:9      | Reached skill level 10 in Long Blades
  7305 | D:9      | Noticed a two-headed ogre
  7360 | D:10     | Noticed Psyche
  7387 | D:10     | Killed Psyche
  7557 | D:11     | Noticed a gargoyle
  7846 | D:10     | Reached skill level 11 in Long Blades
  8056 | D:10     | Noticed Maurice
  8088 | D:10     | Killed Maurice
  8088 | D:10     | Reached XP level 10. HP: 65/67 MP: 14/14
  8235 | D:12     | Found Ruvvin's Antique Armour Emporium.
  8235 | D:12     | Found a labyrinth entrance.
  8240 | Lab      | Entered a labyrinth
  8253 | Lab      | Learned a level 2 spell: Blink
  8268 | Lab      | Learned a level 4 spell: Passage of Golubria
  8672 | Lab      | Noticed a minotaur
  8706 | Lab      | Identified Sif Muna's Reference Book on Supportive Fire
  8707 | Lab      | Got the great sword of Fighting Over It {elec, Str+3}
  8707 | Lab      | Got the uncursed chain mail "Bacuaq" {rN+ Stlth+}
  8724 | D:12     | Identified the +4 great sword of Fighting Over It {elec, Str+3} (You found it in a labyrinth)
  8725 | D:12     | :?
  8735 | D:12     | Identified the +7 chain mail "Bacuaq" {rN+ Stlth+} (You found it in a labyrinth)
  8755 | D:12     | Noticed a cyclops
  8838 | D:12     | Killed a cyclops
  8987 | D:12     | Reached skill level 12 in Long Blades
  9007 | D:12     | Found a shattered altar of Ashenzari.
  9381 | D:11     | Learned a level 5 spell: Lee's Rapid Deconstruction
  9511 | D:10     | Reached XP level 11. HP: 53/72 MP: 15/15
  9513 | D:10     | Reached skill level 13 in Long Blades
  9513 | D:10     | Reached skill level 5 in Armour
  9644 | D:9      | Killed a two-headed ogre
  9672 | D:8      | Noticed Gastronok
  9683 | D:8      | Killed Gastronok
 10208 | D:4      | Killed Duvessa
 10213 | D:4      | Killed Dowan
 10319 | D:4      | Found Bohieb's Food Shop.
 10324 | D:4      | Noticed Pikel
 10328 | D:4      | Killed Pikel
 10331 | D:4      | Noticed Robin
 10349 | D:4      | Killed Robin
 10475 | D:4      | Found Titril's Gadget Emporium.
 10660 | D:4      | Reached **** piety under Ashenzari
 11325 | D:8      | Identified Sif Muna's Volume of the Oath
 11361 | D:8      | Identified the amulet "Xushric" {Inacc Int+8}
 11393 | D:8      | Learned a level 2 spell: Passwall
 11640 | D:8      | Reached skill level 14 in Long Blades
 11644 | D:8      | Found a sacrificial altar of Ru.
 11666 | D:8      | Found a radiant altar of Vehumet.
 11791 | D:8      | Noticed a two-headed ogre
 11876 | D:8      | Killed a two-headed ogre
 12254 | D:11     | Found a staircase to the Orcish Mines.
 12411 | D:11     | Noticed a cyan ugly thing
 12419 | D:11     | Killed a cyan ugly thing
 12419 | D:11     | Reached XP level 12. HP: 39/78 MP: 16/16
 12431 | D:11     | Noticed a two-headed ogre
 12595 | D:11     | Killed a two-headed ogre
 12714 | D:12     | Noticed Sonja
 12715 | D:12     | Noticed a two-headed ogre
 12725 | D:12     | Killed a two-headed ogre
 12744 | D:12     | Bought a heavily runed helmet for 285 gold pieces
 12754 | D:12     | Identified the +2 helmet "Foseosm" {rElec Int+4 Dex-5} (You bought it in a shop on level 12 of the Dungeon)
 12881 | D:12     | Killed Sonja
 13214 | D:13     | Noticed Urug
 13220 | D:13     | Killed Urug
 13220 | D:13     | Reached skill level 15 in Long Blades
 13288 | D:13     | Noticed Azrael
 13324 | D:13     | Noticed a five-headed hydra
 13628 | D:14     | Noticed a tengu warrior
 13643 | D:14     | Killed a tengu warrior
 13643 | D:14     | Reached skill level 1 in Evocations
 13950 | D:13     | Reached ***** piety under Ashenzari
 14059 | D:13     | Learned a level 3 spell: Spectral Weapon
 14173 | D:14     | Noticed a tengu warrior
 14398 | D:15     | Entered Level 15 of the Dungeon
 14398 | D:15     | Noticed a centaur warrior
 14433 | D:14     | Noticed a two-headed ogre
 14440 | D:14     | Noticed a centaur warrior
 14566 | D:14     | Noticed a two-headed ogre
 14574 | D:14     | Killed a two-headed ogre
 14622 | D:14     | Gained mutation: You are in touch with the powers of death. [Mummy growth]
 14622 | D:14     | Reached XP level 13. HP: 83/83 MP: 17/17
 14829 | D:15     | Found a shimmering altar of Xom.
 15641 | D:12     | Bought a twisted ring mail for 270 gold pieces
 15651 | D:12     | Identified the +1 ring mail "Ufrots" {MR++ Regen+} (You bought it in a shop on level 12 of the Dungeon)
 15686 | Orc:1    | Entered Level 1 of the Orcish Mines
 15686 | Orc:1    | Noticed Snorg
 15692 | Orc:1    | Killed Snorg
 16000 | Orc:2    | Entered Level 2 of the Orcish Mines
 16000 | Orc:2    | Found a staircase to the Elven Halls.
 16123 | Orc:2    | Found Xisiw's General Store.
 16123 | Orc:2    | Found Xunahen's Food Boutique.
 16217 | Orc:2    | Reached skill level 5 in Fighting
 16309 | Orc:2    | Reached skill level 5 in Dodging
 16517 | Orc:2    | Reached skill level 10 in Armour
 16517 | Orc:2    | Reached XP level 14. HP: 77/100 MP: 18/18
 16684 | Orc:2    | Found Rurauqut's Magic Scroll Boutique.
 16685 | Orc:2    | Found Gaefani's Gadget Shoppe.
 16771 | Orc:2    | Noticed an orc warlord
 16803 | Orc:2    | Killed from afar by an ogre mage

Vault maps used:
D:1:      dpeg_arrival_shrine
D:2:      lightli_temple_of_fire, chequers_ecumenical_altar_simple
D:4:      amethyst_overflow_temple_binary, serial_shops, shop,
          kennysheep_mini_moat, first_bread, minmay_misc_feat_roman, uniq_pikel,
          uniq_robin, uniq_duvessa
D:5:      minmay_temple_entry_trees, serial_shops, shop, grunt_ministairs_2,
          uniq_sigmund
D:6:      grunt_decor_mini_mirrors, kennysheep_doodads, uniq_prince_ribbit1
D:7:      gammafunk_wand_slinger
D:8:      nicolae_overflow_hidden_temple, nicolae_ru_great_annihilating_truth,
          minmay_pinched_square, uniq_gastronok, uniq_erica
D:9:      dpeg_oklobed_lair, enter_bailey_2
D:10:     uniq_maurice, uniq_psyche
D:11:     erik_orc_4
D:12:     serial_shops, nicolae_shop_statue_plus, basic_altar,
          lab_entry_generic, uniq_sonja
D:13:     hangedman_ranch, uniq_urug, uniq_azrael
D:14:     minmay_isolated_rectangles_in_corner, david_vaults_1, minivault_25
D:15:     grunt_enter_depths_magical_seal, serial_column_ruins,
          column_ruins_columns_dead_end, column_ruins_columns_dead_end,
          column_ruins_open_large, column_ruins_grid_1,
          column_ruins_columns_straight, column_ruins_grid_1,
          column_ruins_corridor_straight, nicolae_lava_and_water, basic_altar,
          minmay_misc_feat_tower
Orc:1:    uniq_snorg
Orc:2:    st_orc_ogre_mass
Lab:      labyrinth_skeletal_remains
Bailey:   bailey_axe_of_yendor_kennysheep, bailey

Skill      XL: |  1  2  3  4  5  6  7  8  9 10 11 12 13 14 |
---------------+-------------------------------------------+-----
Armour         | 1 2 3 4 6 8 10 | 10.1
Long Blades    | 2 3 4 5 6 9 11 12 14 15 | 15.7
Dodging        | 2 5 6 |  6.1
Evocations     | 2 3 |  3.1
Fighting       | 6 |  6.8
Throwing       | |  0.7
Spellcasting   | |  2.6
Translocations | |  2.4

Action                   |  1- 3 |  4- 6 |  7- 9 | 10-12 | 13-15 || total
-------------------------+-------+-------+-------+-------+-------++-------
Melee: Falchion          |   143 |   197 |   238 |       |       ||   578
       Scythe            |       |       |    87 |       |       ||    87
       Scimitar          |       |       |   142 |    11 |       ||   153
       Hand axe          |       |       |    16 |       |       ||    16
       Great sword       |       |       |       |   601 |   324 ||   925
Throw: Tomahawk          |     1 |       |       |       |       ||     1
Invok: Curse Item        |       |       |       |     4 |       ||     4
       Scrying           |       |       |       |     1 |       ||     1
Evoke: Wand              |       |     3 |    48 |     9 |     5 ||    65
       Phial of floods   |       |       |       |       |     1 ||     1
  Use: Scroll            |       |     3 |    10 |    13 |       ||    26
 Stab: Sleeping          |       |       |     1 |       |       ||     1
       Paralysed         |       |       |       |     2 |       ||     2
Armor: Leather armour    |     2 |       |    66 |     5 |       ||    73
       Ring mail         |    49 |    75 |   173 |    15 |    18 ||   330
       Chain mail        |       |       |       |   287 |    78 ||   365
Dodge: Dodged            |   101 |   120 |   269 |   198 |   132 ||   820
Block: Other             |     8 |    34 |    95 |    84 |    43 ||   264
       Reflection        |       |     1 |     1 |     9 |     7 ||    18
       Rpst.: Falchion   |    28 |    32 |    31 |       |       ||    91
       Scimitar          |       |       |    25 |     3 |       ||    28
       Great sword       |       |       |       |    47 |    32 ||    79

Table legend:
 A = Spawn XP
 B = Non-spawn XP
 C = Spawn XP percentage of total XP
 D = Spawn monster count
 E = Non-spawn monster count
 F = Spawn count percentage of total count
 G = Total turns spent on level
                    A         B        C        D         E        F      G
               +---------+---------+-------+---------+---------+-------+---------
         Total |    7221 |   63110 |  10.3 |      60 |     448 |  11.8 | 16803
               +---------+---------+-------+---------+---------+-------+---------
           D:1 |       0 |      57 |   0.0 |       0 |      22 |   0.0 |   558
           D:2 |       1 |      65 |   1.5 |       1 |      19 |   5.0 |   792
           D:3 |       3 |     112 |   2.6 |       2 |      20 |   9.1 |   972
           D:4 |      48 |    1058 |   4.3 |       3 |      29 |   9.4 |  1032
           D:5 |     106 |     661 |  13.8 |       6 |      13 |  31.6 |  1332
           D:6 |      62 |     925 |   6.3 |       6 |      18 |  25.0 |  1968
           D:7 |     490 |     861 |  36.3 |       7 |      23 |  23.3 |  1227
           D:8 |    1147 |    4712 |  19.6 |       3 |      38 |   7.3 |  1075
           D:9 |     168 |    2211 |   7.1 |       2 |      17 |  10.5 |   910
          D:10 |    1245 |    1796 |  40.9 |       7 |      17 |  29.2 |   975
          D:11 |    1008 |    4789 |  17.4 |       5 |      42 |  10.6 |   832
          D:12 |    1059 |    4228 |  20.0 |       4 |      38 |   9.5 |  1038
          D:13 |     543 |    4954 |   9.9 |       3 |      21 |  12.5 |   534
          D:14 |      97 |    7829 |   1.2 |       2 |      31 |   6.1 |  1259
          D:15 |     754 |    8047 |   8.6 |       1 |      31 |   3.1 |   687
         Orc:1 |     353 |    3671 |   8.8 |       7 |      25 |  21.9 |   431
         Orc:2 |     137 |   17114 |   0.8 |       1 |      41 |   2.4 |   686
        Bailey |       0 |      20 |   0.0 |       0 |       3 |   0.0 |    26
               +---------+---------+-------+---------+---------+-------+---------
